 Dungeon Crawl Stone Soup version 0.27-a0-25-g087482e4d5 (webtiles) character file.

Game seed: 14066380467332057637

14 DocSulfur the Sneak (level 2, -5/15 HPs)
             Began as a Kobold Enchanter on Jan 2, 2021.
             Engulfed by a cloud of flame (20 damage)
             ... on level 1 of the Dungeon.
             The game lasted 00:02:01 (884 turns).

DocSulfur the Sneak (Kobold Enchanter)               Turns: 884, Time: 00:02:02

Health: -5/15      AC:  2    Str:  5    XL:     2   Next: 60%
Magic:  5/5        EV: 15    Int: 16    God:
Gold:   25         SH:  0    Dex: 15    Spells: 2/5 levels left

rFire    . . .     SeeInvis .   a - +1 dagger
rCold    . . .     Faith    .   (shield restricted)
rNeg     . . .     Spirit   .   b - +0 robe
rPois    .         Reflect  .   (no helmet)
rElec    .         Harm     .   (no cloak)
rCorr    .         Rampage  .   (no gloves)
Will     .....                  (no boots)
Stlth    ++++......             (no amulet)
HPRegen  0.05/turn              (no ring)
MPRegen  0.09/turn              (no ring)

@: no status effects
A: small, nightstalker 3
a: no special abilities


You were on level 1 of the Dungeon.
You visited 1 branch of the dungeon, and saw 1 of its levels.

You collected 25 gold pieces.

Inventory:

Hand Weapons
 a - a +1 dagger (weapon)
Armour
 b - a +0 robe (worn)
Scrolls
 c - 3 scrolls of teleportation {unknown}
 e - a scroll of fear {unknown}
 f - a scroll of remove curse {unknown}
 j - a scroll of identify {unknown}
Potions
 d - a potion of resistance {unknown}
 g - a potion of lignification {unknown}
 h - a potion of berserk rage {unknown}
 i - a potion of degeneration {unknown}


   Skills:
 - Level 1.3 Short Blades
 - Level 2.4 Dodging
 - Level 4.0 Stealth
 + Level 2.4 Spellcasting
 + Level 0.6 Conjurations
 + Level 3.1 Hexes
 * Level 1.1 Ice Magic


You had 2 spell levels left.
You knew the following spells:

 Your Spells              Type           Power        Failure   Level
a - Corona                Hex            13%          5%          1
b - Ensorcelled Hibernat  Hex/Ice        16%          12%         2

Your spell library contained the following spells:

 Spells                   Type           Power        Failure   Level
 Confusing Touch          Hex            12%          16%         3
 Tukima's Dance           Hex            12%          16%         3
 Dazzling Flash           Conj/Hex       16%          26%         3


Dungeon Overview and Level Annotations

Branches:
Dungeon (1/15)

Altars:


Innate Abilities, Weirdness & Mutations

You are small and have problems with some larger weapons.
You are completely attuned to the shadows.


Message History

A rat is nearby!
Found 12 gold pieces.
The helpless rat fails to defend itself.
You impale the rat!!
You kill the rat!
No target in view!
You now have 25 gold pieces (gained 12).
Things that are here:
a +0 club; a +0 dagger; a goblin corpse You see here 29 stones.
Found a runed whip.
Partly explored, can't reach some places.
Partly explored, can't reach some places.
Partly explored, can't reach some places.
Really walk into a travel-excluded area?
A hobgoblin comes into view. It is wielding a +0 club.
A hobgoblin comes into view.
You are engulfed in blazing flames.
Ouch! That really hurt!
You die...

#.# #☼§○# ##... #.####
#### #..# #..§°○ ☼○☼(##
#..# #..§☼. .§§..# #..#
##.☼§☼g..(.§°§..######..#
#####.g.#####.........#
#☼§§# #........## #§☼§#
#.######## #○@°# #.#
#(..#####.# ##........#
##########


You could see 2 hobgoblins.

Vanquished Creatures
  3 bats (D:1)
  A giant cockroach (D:1)
  2 goblins (D:1)
  3 hobgoblins (D:1)
  A ball python (D:1)
  2 frilled lizards (D:1)
  2 rats (D:1)
14 creatures vanquished.

Notes
Turn   | Place    | Note
-------+----------+-------------------------------------------
     0 | D:1      | DocSulfur the Kobold Enchanter began the quest for the Orb.
     0 | D:1      | Reached XP level 1. HP: 10/10 MP: 3/3
   296 | D:1      | Reached XP level 2. HP: 15/15 MP: 5/5
   538 | D:1      | Reached skill level 1 in Ice Magic
   547 | D:1      | Learned a level 2 spell: Ensorcelled Hibernation
   884 | D:1      | Engulfed by a cloud of flame

Illustrated notes

Levels and vault maps discovered:
D:1:      dpeg_arrival_oval, layout_loops_ring, serial_glass, glass_columns_c,
          glass_columns_a, item_on_display_a, due_unseen_surprise,
          minmay_strange_pillars, lemuel_flame_loot_1

Skill      XL: |  1  2 |
---------------+-------+-----
Ice Magic      | 1 |  1.1
Short Blades   | |  1.3
Dodging        | |  2.4
Stealth        | |  4.0
Spellcasting   | |  2.4
Conjurations   | |  0.6
Hexes          | |  3.1

Action                   || total
-------------------------++-------
Melee: Dagger            ||    25
 Cast: Corona            ||     1
 Stab: Sleeping          ||    10
Armor: Robe              ||     5
Dodge: Dodged            ||    18

Table legend: (Time is in decaauts)
 A = Elapsed time spent in this place.
 B = Non-inter-level travel time spent in this place.
 C = Inter-level travel time spent in this place.
 D = Time resting spent in this place.
 E = Time spent auto-exploring this place.
 F = Levels seen in this place.
 G = Mean time per level.
                   A        B        C        D        E       F      G
               +--------+--------+--------+--------+--------+-----+--------+
         Total |    882 |    882 |      0 |      0 |    787 |   1 |  882.0 |
       Dungeon |    882 |    882 |      0 |      0 |    787 |   1 |  882.0 |
               +--------+--------+--------+--------+--------+-----+--------+

Top non-repeatable levels by time:
     D:1: 882 daAuts
